3AA
OTTAWA NATIONALS @ MYRTLE BEACH MERMEN
08/29/2027
 
TOP OF THE 1ST
Ottawa Nationals batting - Pitching for Myrtle Beach Mermen : RHP Jorge Vázquez
Pitching: RHP Jorge Vázquez
Batting: RHB Howard Fewell 0-0: Ball
1-0: Called Strike
1-1: Fly out, F8 (Flyball, 8LD)
Batting: RHB Juan Román 0-0: Ball
1-0: Ball
2-0: Ball
3-0: Called Strike
3-1: Fly out, F8 (Flyball, 8RXD)
Batting: RHB Michael Peterson 0-0: Ball
1-0: Called Strike
1-1: Foul Ball, location: 2F
1-2: Ball
2-2: Foul Ball, location: 2F
2-2: Ground out 6-3 (Groundball, 6)
Top of the 1st over - 0 run(s), 0 hit(s), 0 error(s), 0 left on base; Ottawa 0 - Myrtle Beach 0
BOTTOM OF THE 1ST
Myrtle Beach Mermen batting - Pitching for Ottawa Nationals : RHP Theodore Wood
Pitching: RHP Theodore Wood
Batting: RHB Sergio Pérez 0-0: Foul Ball, location: 2F
0-1: Ball
1-1: Swinging Strike
1-2: Ball
2-2: Strikes out swinging
Batting: RHB Jorge Reyes 0-0: Ball
1-0: Swinging Strike
1-1: Ball
2-1: DOUBLE (Line Drive, 89M)
Batting: LHB Jim Unknown 0-0: Called Strike
0-1: Fly out, F6 (Popup, 56D)
Batting: RHB Maik Palen 0-0: Ground out 6-3 (Groundball, 6)
Bottom of the 1st over - 0 run(s), 1 hit(s), 0 error(s), 1 left on base; Ottawa 0 - Myrtle Beach 0
TOP OF THE 2ND
Ottawa Nationals batting - Pitching for Myrtle Beach Mermen : RHP Jorge Vázquez
Batting: RHB Brandon Carroll 0-0: Called Strike
0-1: Swinging Strike
0-2: Ball
1-2: Ball
2-2: Ball
3-2: Foul Ball, location: 2F
3-2: Foul Ball, location: 2F
3-2: Fly out, F5 (Popup, 5L)
Batting: RHB Duane Wills 0-0: Called Strike
0-1: Foul Ball, location: 2F
0-2: Ball
1-2: Ground out U3 (Groundball, 34S)
Batting: RHB Tomás Bermúdez 0-0: Ball
1-0: Called Strike
1-1: Swinging Strike
1-2: Strikes out looking
Top of the 2nd over - 0 run(s), 0 hit(s), 0 error(s), 0 left on base; Ottawa 0 - Myrtle Beach 0
BOTTOM OF THE 2ND
Myrtle Beach Mermen batting - Pitching for Ottawa Nationals : RHP Theodore Wood
Batting: LHB Alexis Raimbault 0-0: Ball
1-0: Ball
2-0: Called Strike
2-1: SINGLE (Groundball, 15S) (infield hit)
Batting: LHB Philip Strickland 0-0: Ball
Alexis Raimbault is caught stealing 2nd base
1-0: Foul Ball, location: 2F
1-1: Swinging Strike
1-2: Ball
2-2: Ground out 4-3 (Groundball, 4S)
Batting: RHB Fernando Martínez 0-0: Swinging Strike
0-1: Ball
1-1: Ball
2-1: Ball
3-1: Base on Balls
Batting: RHB Jimmy Dawson 0-0: Called Strike
0-1: Ball
1-1: Ball
2-1: Called Strike
2-2: Ball
Wild Pitch!
Fernando Martínez to second
3-2: Foul Ball, location: 2F
3-2: Base on Balls
Batting: RHB Theodore York 0-0: Ball
1-0: Swinging Strike
1-1: Swinging Strike
1-2: Foul Ball, location: 2F
1-2: Ball
2-2: Foul Ball, location: 2F
2-2: Foul Ball, location: 2F
2-2: Fly out, F7 (Flyball, 7)
Bottom of the 2nd over - 0 run(s), 1 hit(s), 0 error(s), 2 left on base; Ottawa 0 - Myrtle Beach 0
TOP OF THE 3RD
Ottawa Nationals batting - Pitching for Myrtle Beach Mermen : RHP Jorge Vázquez
Batting: LHB Jesús Mancía 0-0: Ball
1-0: Swinging Strike
1-1: Swinging Strike
1-2: Foul Ball, location: 2F
1-2: Foul Ball, location: 2F
1-2: Ball
2-2: Ball
3-2: Fly out, F9 (Flyball, 9S)
Batting: RHB Ernest Daniels 0-0: Swinging Strike
0-1: Swinging Strike
0-2: Strikes out swinging
Batting: RHB Elia Amberezzio 0-0: Called Strike
0-1: Ball
1-1: DOUBLE (Line Drive, 7LM)
Batting: RHB Howard Fewell 0-0: Swinging Strike
0-1: Ball
1-1: SINGLE (Groundball, 4MD)
Elia Amberezzio to third
Runner from 3rd tries for Home, SAFE, no throw
Batting: RHB Juan Román 0-0: Ball
1-0: SINGLE (Line Drive, 3)
Howard Fewell to second
Batting: RHB Michael Peterson 0-0: Called Strike
0-1: Foul Ball, location: 2F
0-2: Foul Ball, location: 2F
0-2: Ground out 6-3 (Groundball, 6S)
Top of the 3rd over - 1 run(s), 3 hit(s), 0 error(s), 2 left on base; Ottawa 1 - Myrtle Beach 0
BOTTOM OF THE 3RD
Myrtle Beach Mermen batting - Pitching for Ottawa Nationals : RHP Theodore Wood
Batting: RHB Sergio Pérez 0-0: Ball
1-0: Foul Ball, location: 2F
1-1: Foul Ball, location: 2F
1-2: TRIPLE (Flyball, 7D)
Batting: RHB Jorge Reyes 0-0: Called Strike
0-1: Foul Ball, location: 2F
0-2: DOUBLE (Line Drive, 78D)
Sergio Pérez scores
Batting: LHB Jim Unknown 0-0: Foul Ball, location: 2F
0-1: Ball
1-1: Ball
2-1: Ball
3-1: Ground out 4-3 (Groundball, 34D)
Jorge Reyes to third
Batting: RHB Maik Palen 0-0: Ball
1-0: Called Strike
1-1: Ball
2-1: Ball
3-1: Base on Balls
Batting: LHB Alexis Raimbault 0-0: Called Strike
0-1: Fly out, F8 (Flyball, 8LM)
Runner from 3rd tags up, OUT at HOME
Bottom of the 3rd over - 1 run(s), 2 hit(s), 0 error(s), 1 left on base; Ottawa 1 - Myrtle Beach 1
TOP OF THE 4TH
Ottawa Nationals batting - Pitching for Myrtle Beach Mermen : RHP Jorge Vázquez
Batting: RHB Brandon Carroll 0-0: Ball
1-0: Ball
2-0: Foul Ball, location: 2F
2-1: Ball
3-1: Base on Balls
Batting: RHB Duane Wills 0-0: Called Strike
0-1: Foul Ball, location: 2F
0-2: Ball
1-2: SINGLE (Line Drive, 34)
Brandon Carroll to second
Runner from 2nd tries for 3rd, SAFE, throw made to third
Batting: RHB Tomás Bermúdez 0-0: Foul Ball, location: 2F
0-1: Called Strike
Duane Wills is caught stealing 2nd base
0-2: SINGLE (Groundball, 4S) (infield hit)
Brandon Carroll scores
Batting: LHB Jesús Mancía 0-0: Ball
1-0: Called Strike
1-1: Called Strike
1-2: Ball
2-2: Strikes out swinging
Batting: RHB Ernest Daniels 0-0: Called Strike
0-1: Ball
1-1: Ball
2-1: SINGLE (Line Drive, 6M)
Tomás Bermúdez to second
Batting: RHB Elia Amberezzio 0-0: Ball
1-0: Ball
2-0: Called Strike
2-1: Swinging Strike
2-2: Strikes out swinging
Top of the 4th over - 1 run(s), 3 hit(s), 0 error(s), 2 left on base; Ottawa 2 - Myrtle Beach 1
BOTTOM OF THE 4TH
Myrtle Beach Mermen batting - Pitching for Ottawa Nationals : RHP Theodore Wood
Batting: LHB Philip Strickland 0-0: Fly out, F5 (Popup, 5L)
Batting: RHB Fernando Martínez 0-0: Ball
1-0: Ball
2-0: Ball
3-0: Called Strike
3-1: Base on Balls
Batting: RHB Jimmy Dawson 0-0: Ball
1-0: Ball
2-0: Ball
3-0: Base on Balls
Fernando Martínez to second
Batting: RHB Theodore York 0-0: Foul Ball, location: 2F
0-1: Ball
1-1: Grounds into double play, 6-4-3 (Groundball, 6)
Bottom of the 4th over - 0 run(s), 0 hit(s), 0 error(s), 1 left on base; Ottawa 2 - Myrtle Beach 1
TOP OF THE 5TH
Ottawa Nationals batting - Pitching for Myrtle Beach Mermen : RHP Jorge Vázquez
Batting: RHB Howard Fewell 0-0: Ground out 5-3 (Groundball, 5S)
Batting: RHB Juan Román 0-0: Called Strike
0-1: Called Strike
0-2: Ball
1-2: Foul Ball, location: 2F
1-2: Ball
2-2: Foul Ball, location: 2F
2-2: Strikes out looking
Batting: RHB Michael Peterson 0-0: Called Strike
0-1: Ground out 5-3 (Groundball, 56S)
Top of the 5th over - 0 run(s), 0 hit(s), 0 error(s), 0 left on base; Ottawa 2 - Myrtle Beach 1
BOTTOM OF THE 5TH
Myrtle Beach Mermen batting - Pitching for Ottawa Nationals : RHP Theodore Wood
Batting: RHB Sergio Pérez 0-0: Ball
1-0: Called Strike
1-1: Foul Ball, location: 2F
1-2: Ball
2-2: Ball
3-2: Foul Ball, location: 2F
3-2: Ground out 4-3 (Groundball, 4)
Batting: RHB Jorge Reyes 0-0: Ball
1-0: Called Strike
1-1: Ball
2-1: Ball
3-1: Ground out 5-3 (Groundball, 56)
Batting: LHB Jim Unknown 0-0: Ball
1-0: Ball
2-0: Foul Ball, location: 2F
2-1: Swinging Strike
2-2: Ball
3-2: Base on Balls
Batting: RHB Maik Palen 0-0: Called Strike
0-1: Foul Ball, location: 2F
0-2: Foul Ball, location: 2F
0-2: SINGLE (Line Drive, 8LS)
Jim Unknown to second
Runner from 2nd tries for 3rd, SAFE, throw made to third
Batting: LHB Alexis Raimbault 0-0: Foul Ball, location: 2F
0-1: Ball
1-1: Called Strike
1-2: Ball
2-2: Foul Ball, location: 2F
2-2: Foul Ball, location: 2F
2-2: SINGLE (Line Drive, 4D)
Jim Unknown scores
Maik Palen to second
Batting: LHB Philip Strickland 0-0: Ball
1-0: Ball
2-0: Fielders Choice at 2nd, 5-4 (Groundball, 56)
Bottom of the 5th over - 1 run(s), 2 hit(s), 0 error(s), 1 left on base; Ottawa 2 - Myrtle Beach 2
TOP OF THE 6TH
Ottawa Nationals batting - Pitching for Myrtle Beach Mermen : RHP Jorge Vázquez
Batting: RHB Brandon Carroll 0-0: Ball
1-0: Ground out 5-3 (Groundball, 56S)
Batting: RHB Duane Wills 0-0: Ball
1-0: Called Strike
1-1: Ball
2-1: Swinging Strike
2-2: Foul Ball, location: 2F
2-2: Foul Ball, location: 2F
2-2: SINGLE (Line Drive, 8RS)
Batting: RHB Tomás Bermúdez 0-0: Ball
Duane Wills is caught stealing 2nd base
1-0: Ball
2-0: Called Strike
2-1: Swinging Strike
2-2: Ball
3-2: Base on Balls
Batting: LHB Jesús Mancía 0-0: Ball
1-0: Ball
Tomás Bermúdez is caught stealing 2nd base
Top of the 6th over - 0 run(s), 1 hit(s), 0 error(s), 0 left on base; Ottawa 2 - Myrtle Beach 2
BOTTOM OF THE 6TH
Myrtle Beach Mermen batting - Pitching for Ottawa Nationals : RHP Theodore Wood
Batting: RHB Fernando Martínez 0-0: Foul Ball, location: 2F
0-1: Ball
1-1: Ball
2-1: Ball
3-1: Swinging Strike
3-2: Foul Ball, location: 2F
3-2: Foul Ball, location: 2F
3-2: Fly out, F7 (Flyball, 78M)
Batting: RHB Jimmy Dawson 0-0: Ground out 5-3 (Groundball, 5S)
Batting: RHB Theodore York 0-0: Ball
1-0: Fly out, F6 (Popup, 6D)
Bottom of the 6th over - 0 run(s), 0 hit(s), 0 error(s), 0 left on base; Ottawa 2 - Myrtle Beach 2
TOP OF THE 7TH
Ottawa Nationals batting - Pitching for Myrtle Beach Mermen : RHP Jorge Vázquez
Batting: LHB Jesús Mancía 0-0: Ball
1-0: Swinging Strike
1-1: Ball
2-1: Ball
3-1: Fly out, F7 (Line Drive, 7)
Batting: RHB Ernest Daniels 0-0: Swinging Strike
0-1: Ball
1-1: Ball
2-1: Swinging Strike
2-2: Ball
3-2: Strikes out swinging
Pinch Hitting: RHB Markus Thompson 0-0: Ball
1-0: SINGLE (Groundball, 34D)
Pitching: LHP Luis Vega
Pinch Hitting: RHB Warren Martin 0-0: Hit by Pitch
Markus Thompson to second
Batting: RHB Juan Román 0-0: Fly out, F8 (Flyball, 89M)
Top of the 7th over - 0 run(s), 1 hit(s), 0 error(s), 2 left on base; Ottawa 2 - Myrtle Beach 2
BOTTOM OF THE 7TH
Myrtle Beach Mermen batting - Pitching for Ottawa Nationals : RHP Theodore Wood
Now at 2B: Tristan Shanks
Now in CF: Warren Martin
Batting: RHB Sergio Pérez 0-0: Called Strike
0-1: Foul Ball, location: 2F
0-2: Ball
1-2: Ball
2-2: Ball
3-2: Foul Ball, location: 2F
3-2: Foul Ball, location: 2F
3-2: SINGLE (Groundball, 34D)
Pitching: RHP Neal Davis
Batting: RHB Jorge Reyes 0-0: Sac Bunt - play at first, batter OUT! 1-4
Sergio Pérez to second
Batting: LHB Jim Unknown 0-0: Ball
Sergio Pérez is caught stealing 3rd base
1-0: Fly out, F7 (Flyball, 78S)
Bottom of the 7th over - 0 run(s), 1 hit(s), 0 error(s), 0 left on base; Ottawa 2 - Myrtle Beach 2
TOP OF THE 8TH
Ottawa Nationals batting - Pitching for Myrtle Beach Mermen : LHP Luis Vega
Batting: RHB Michael Peterson 0-0: Called Strike
0-1: Foul Ball, location: 2F
0-2: Foul Ball, location: 2F
0-2: Strikes out swinging
Batting: RHB Brandon Carroll 0-0: Swinging Strike
0-1: Ball
1-1: Foul Ball, location: 2F
1-2: Ball
2-2: Strikes out swinging
Batting: RHB Duane Wills 0-0: Foul Ball, location: 2F
0-1: Ball
1-1: Ball
2-1: Foul Ball, location: 2F
2-2: SINGLE (Line Drive, 56)
Batting: RHB Tomás Bermúdez 0-0: Swinging Strike
0-1: Swinging Strike
0-2: Foul Ball, location: 2F
0-2: Strikes out swinging
Top of the 8th over - 0 run(s), 1 hit(s), 0 error(s), 1 left on base; Ottawa 2 - Myrtle Beach 2
BOTTOM OF THE 8TH
Myrtle Beach Mermen batting - Pitching for Ottawa Nationals : RHP Neal Davis
Batting: RHB Maik Palen 0-0: Fly out, F9 (Flyball, 9LM)
Batting: LHB Alexis Raimbault 0-0: Ball
1-0: Hit by Pitch
Batting: LHB Philip Strickland 0-0: Ball
1-0: Ball
2-0: Called Strike
2-1: Ball
3-1: Foul Ball, location: 2F
3-2: Strikes out swinging
Batting: RHB Fernando Martínez 0-0: Ball
1-0: Called Strike
1-1: Ball
2-1: Ball
3-1: Called Strike
3-2: Ground out 5-3 (Groundball, 56S)
Bottom of the 8th over - 0 run(s), 0 hit(s), 0 error(s), 1 left on base; Ottawa 2 - Myrtle Beach 2
TOP OF THE 9TH
Ottawa Nationals batting - Pitching for Myrtle Beach Mermen : LHP Luis Vega
Pitching: RHP Burt Booth
Batting: LHB Jesús Mancía 0-0: Ball
1-0: Called Strike
1-1: Ball
2-1: Foul Ball, location: 2F
2-2: Foul Ball, location: 2F
2-2: Foul Ball, location: 2F
2-2: Fly out, F6 (Popup, 56D)
Batting: RHB Ernest Daniels 0-0: Ball
1-0: Ball
2-0: Called Strike
2-1: Foul Ball, location: 2F
2-2: Strikes out swinging
Batting: SHB Tristan Shanks 0-0: Foul Ball, location: 2F
0-1: Ground out 4-3 (Groundball, 4M)
Top of the 9th over - 0 run(s), 0 hit(s), 0 error(s), 0 left on base; Ottawa 2 - Myrtle Beach 2
BOTTOM OF THE 9TH
Myrtle Beach Mermen batting - Pitching for Ottawa Nationals : RHP Neal Davis
Pitching: RHP Fernando Espinosa
Pinch Hitting: LHB Ferris Minor 0-0: Ball
1-0: Swinging Strike
1-1: Swinging Strike
1-2: Strikes out swinging
Batting: RHB Theodore York 0-0: Ball
1-0: Ball
2-0: Called Strike
2-1: Called Strike
2-2: Fly out, F8 (Flyball, 8LS)
Batting: RHB Sergio Pérez 0-0: Ground out 6-3 (Groundball, 6)
Bottom of the 9th over - 0 run(s), 0 hit(s), 0 error(s), 0 left on base; Ottawa 2 - Myrtle Beach 2
TOP OF THE 10TH
Ottawa Nationals batting - Pitching for Myrtle Beach Mermen : RHP Burt Booth
Now at SS: Sal Haynes
Batting: RHB Warren Martin 0-0: Foul Ball, location: 2F
0-1: Ball
1-1: Swinging Strike
1-2: Strikes out looking
Batting: RHB Juan Román 0-0: Ball
1-0: DOUBLE (Groundball, 5L)
Batting: RHB Michael Peterson 0-0: Ball
1-0: Ball
2-0: Ball
3-0: Base on Balls
Batting: RHB Brandon Carroll 0-0: Called Strike
0-1: Ball
1-1: Ball
2-1: Called Strike
2-2: Foul Ball, location: 2F
2-2: Foul Ball, location: 2F
2-2: Ball
3-2: Fly out, F8 (Flyball, 8LS)
Batting: RHB Duane Wills 0-0: Ball
1-0: SINGLE (Groundball, 34D)
Juan Román to third
Michael Peterson to second
Runner from 3rd tries for Home, SAFE, no throw
Batting: RHB Tomás Bermúdez 0-0: Called Strike
0-1: Ball
1-1: Called Strike
1-2: Ball
2-2: Fly out, F6 (Line Drive, 6MD)
Top of the 10th over - 1 run(s), 2 hit(s), 0 error(s), 2 left on base; Ottawa 3 - Myrtle Beach 2
BOTTOM OF THE 10TH
Myrtle Beach Mermen batting - Pitching for Ottawa Nationals : RHP Fernando Espinosa
Batting: RHB Jorge Reyes 0-0: Reached on error, E5 (Groundball, 56)
Batting: LHB Jim Unknown 0-0: Called Strike
0-1: Called Strike
0-2: Foul Ball, location: 2F
0-2: Foul Ball, location: 2F
0-2: Ball
1-2: Foul Ball, location: 2F
1-2: Ball
2-2: Ball
3-2: Grounds into double play, 6-4-3 (Groundball, 6M)
Batting: RHB Maik Palen 0-0: Ball
1-0: Swinging Strike
1-1: Called Strike
1-2: Strikes out looking
Bottom of the 10th over - 0 run(s), 0 hit(s), 1 error(s), 0 left on base; Ottawa 3 - Myrtle Beach 2
Saturday, May 26th, 2018 - OOTP Baseball 17.12 Build 75